[Event "*** Titled Tuesday Blitz"]
[Site "Chess.com"]
[Date "2020.03.03"]
[Round "4"]
[White "rpragchess"]
[Black "adricalderon8"]
[Result "1/2-1/2"]
[WhiteElo "2778"]
[BlackElo "2413"]
[TimeControl "180+1"]
[EndTime "9:39:29 PST"]
[Termination "Game drawn by repetition"]

1. e4 c5 2. Nf3 Nc6 3. Bb5 g6 4. Bxc6 dxc6 5. d3 Bg7 6. h3 Nf6 7. Nc3 Nd7 8. Be3 e5 9. Bc1 Nf8 10. Be3 b6 11. a3 Ne6 12. Qc1 h6 13. b4 f5 14. bxc5 f4 15. Bd2 Nxc5 16. Ne2 O-O 17. Bc3 Qe7 18. a4 g5 19. Qb2 Re8 20. Nd2 Ba6 21. O-O Kh7 22. Rfe1 Qe6 23. d4 Nd7 24. Nf3 g4 25. hxg4 Qxg4 26. dxe5 Rg8 27. Nh2 Qg5 28. Nf3 Qg4 29. Nh2 Qg5 30. Nf3 Qg4 1/2-1/2

[Event "*** Titled Tuesday Blitz"]
[Site "Chess.com"]
[Date "2020.03.03"]
[Round "4"]
[White "Alopekos"]
[Black "mrkvoz"]
[Result "0-1"]
[WhiteElo "2469"]
[BlackElo "2720"]
[TimeControl "180+1"]
[EndTime "9:39:29 PST"]
[Termination "mrkvoz won by resignation"]

1. d4 d6 2. c4 e5 3. d5 Nf6 4.
Nc3 Nbd7 5. e4 Nc5 6. Bg5 Be7 7. f3 Nxd5 8. Bxe7 Nxe7 9. Nge2 a5 10. Ng3 O-O 11.
a3 a4 12. Be2 f5 13. O-O f4 14. Nf5 Nxf5 15. exf5 Bxf5 16. Ne4 Bxe4 17. fxe4 c6 18.
Bd3 Qb6 19. Rf2 Rf6 20. Rc1 Nb3 21. Rc3 Qd4 22. c5 Nxc5 23. Bc4+ Kh8 24. Qh5 Nxe4 25.
Rf3 Nxf2 26. Rxf2 Qxc4 0-1

[Event "*** Titled Tuesday Blitz"]
[Site "Chess.com"]
[Date "2020.03.03"]
[Round "4"]
[White "Parhamov"]
[Black "Bulldog167"]
[Result "1-0"]
[WhiteElo "3056"]
[BlackElo "2739"]
[TimeControl "180+1"]
[EndTime "9:39:30 PST"]
[Termination "Parhamov won by resignation"]

1. e4 e6 2. d4 d5 3. e5 c5 4. c3 Nc6 5. Nf3 Qb6 6. a3 c4 7.
Be2 Bd7 8. Nbd2 Na5 9. O-O Ne7 10.
Ne1 Nc8 11. g4 Qc7 12. f4 Nb6 13. Ng2 h5 14. f5 hxg4 15. fxe6 Bxe6 16. Nf4 O-O-O 17.
Nxe6 fxe6 18. Bxg4 Qd7 19. Nf3 Be7 20. Ng5 Bxg5 21. Bxg5 Rdf8 22. Qc2 Nb3 23. Qg6 Qe8 24.
Qxe6+ Qxe6 25. Bxe6+ Kc7 26. Rae1 Kc6 27. Bf7 Nc8 28.
h4 Na5 29. Bg6 Kc7 30. e6 Nc6 31. Rf7+ Rxf7 32. exf7 1-0

[Event "*** Titled Tuesday Blitz"]
[Site "Chess.com"]
[Date "2020.03.03"]
[Round "4"]
[White "FearNoEvil12"]
[Black "Eloist"]
[Result "0-1"]
[WhiteElo "1954"]
[BlackElo "2242"]
[TimeControl "180+1"]
[EndTime "9:39:30 PST"]
[Termination "Eloist won by resignation"]

1. e4 e6 2. d4 d5 3. Nc3 Nf6 4.
Qd3 c5 5. dxc5 Bxc5 6. Bg5 Nc6 7.
O-O-O d4 8. Nb5 a6 9. Qc4 Qb6 10. Na3 Nxe4 11. Bh4 Nc3 12. bxc3 Bxa3+ 13. Kd2 dxc3+ 14. Ke1 O-O 15. Nf3 e5 16. Bd3 Be6 17. Qa4 Qb4 18. Qxb4 Bxb4 19. Ke2 h6 20. Rhe1 f5 0-1

[Event "*** Titled Tuesday Blitz"]
[Site "Chess.com"]
[Date "2020.03.03"]
[Round "4"]
[White "TBergh98"]
[Black "AminMolaei"]
[Result "1-0"]
[WhiteElo "2323"]
[BlackElo "2515"]
[TimeControl "180+1"]
[EndTime "9:39:57 PST"]
[Termination "TBergh98 won by resignation"]

1. d4 Nf6 2. Bg5 Ne4 3. Bf4 c5 4. f3 Qa5+ 5. c3 Nf6 6. Nd2 cxd4 7. Nb3 Qb6 8. Qxd4 Nc6 9. Qxb6 axb6 10. Be3 b5 11.
Bd2 d5 12. e3 b4 13. cxb4 e6 14. a3 Bd6 15. Rc1 O-O 16. Bd3 Ne5 17. Be2 Bd7 18. Nd4 Rfc8 19. Rxc8+ Rxc8 20. Bc3 Nc4 21. Bxc4 Rxc4 22.
Nge2 e5 23. Nb3 b6 24. Kf2 g5 25. h3 h5 26. Rc1 g4 27. hxg4 hxg4 28. Bd2 Ba4 29. Rxc4 dxc4 30. Nbc1 gxf3 31. gxf3 e4 32. Bc3 Be7 33. Bxf6 Bxf6 34. Nc3 Bc6 35. fxe4 Kf8 36.
N1e2 Ke7 37. Nd4 Bd7 38. Nd5+ 1-0

[Event "*** Titled Tuesday Blitz"]
[Site "Chess.com"]
[Date "2020.03.03"]
[Round "4"]
[White "doons21"]
[Black "platy3"]
[Result "0-1"]
[WhiteElo "2589"]
[BlackElo "2868"]
[TimeControl "180+1"]
[EndTime "9:39:59 PST"]
[Termination "platy3 won by resignation"]

1. e4 c5 2. c3 d5 3. exd5 Qxd5 4. d4 g6 5. Nf3 Bg7 6. Be3 cxd4 7. cxd4 Nf6 8. Nc3 Qd8 9. Ne5 O-O 10. Bc4 a6 11. Qb3 e6 12. a4 Nc6 13. Nxc6 bxc6 14. a5 Ng4 15. O-O Qc7 16. g3 Rb8 17. Qc2 Nxe3 18.
fxe3 c5 19. d5 Qe5 20. Rae1 exd5 21. Bxd5 Be6 22. Bxe6 Qxe6 23. Re2 Rb4 24. Qc1 Qc4 25. Rff2 Rfb8 26. Kg2 Qe6 27. e4 Bd4 28. Rf3 Kg7 29.
h3 R8b7 30. Qa1 Qc4 31. Qf1 Rxb2 32. Rxb2 Rxb2+ 33. Kh1 Qxf1+ 0-1

[Event "*** Titled Tuesday Blitz"]
[Site "Chess.com"]
[Date "2020.03.03"]
[Round "4"]
[White "HarryCun"]
[Black "NemtsevIgor"]
[Result "0-1"]
[WhiteElo "2102"]
[BlackElo "2352"]
[TimeControl "180+1"]
[EndTime "9:39:59 PST"]
[Termination "NemtsevIgor won by resignation"]

1. d4 c6 2. c4 d6 3. Nf3 h6 4. g3 g5 5. Bg2 Bg7 6. Nc3 Nd7 7. h3 Nf8 8. e4 Ne6 9. Be3 Qa5 10.
Qd2 a6 11. a3 Bd7 12. b4 Qc7 13. Rc1 Nf6 14. d5 Nf8 15. c5 g4 16. hxg4 Nxg4 17. Bd4 Bxd4 18. Qxd4 Ng6 19. dxc6 bxc6 20. Bh3 N4e5 21.
Bxd7+ Qxd7 22. Nxe5 Nxe5 23. Qe3 dxc5 24. bxc5 Nd3+ 25. Ke2 Nxc1+ 26. Rxc1 Qg4+ 27. Ke1 Rd8 28. Ne2 h5 29. Nf4 h4 30. Qc3 Rg8 31. Ne2 Qxe4 32. Qb3 h3 33. Rd1 Qh1+ 0-1

[Event "*** Titled Tuesday Blitz"]
[Site "Chess.com"]
[Date "2020.03.03"]
[Round "4"]
[White "MFBerna"]
[Black "Astaneh"]
[Result "0-1"]
[WhiteElo "2341"]
[BlackElo "2562"]
[TimeControl "180+1"]
[EndTime "9:40:05 PST"]
[Termination "Astaneh won by resignation"]

1. e4 e5 2. Nf3 Nc6 3. Bb5 Nf6 4.
O-O Nxe4 5. d4 Nd6 6. Bxc6 dxc6 7. dxe5 Nf5 8. Qxd8+ Kxd8 9. Nc3 Ke8 10. h3 h5 11.
Ne2 Be7 12. b3 c5 13. c4 b6 14. Nf4 Bb7 15. Nd5 Bxd5 16. cxd5 Rd8 17. Rd1 Nd4 18. Be3 Ne2+ 19. Kf1 Nc3 20. Rd2 Nxd5 21.
Re1 Nxe3+ 22. Rxe3 Rxd2 23. Nxd2 Bg5 24. Rd3 Bxd2 25.
Rxd2 Ke7 26. f4 h4 27. Ke2 a5 28. a4 f5 29. exf6+ gxf6 30. Kf3 Rg8 31. Re2+ Kd6 32.
Rd2+ Ke6 33. Re2+ Kf5 34. Re7 Rg3+ 35. Kf2 Rxb3 36. Rxc7 Kxf4 37. Rc6 Rb2+ 38. Kg1 f5 39. Kh2 Rb4 40. Rh6 Kg5 41. Rc6 c4 42. Kg1 Kf4 43. Kf2 Ke4 44. Re6+ Kd3 45. Kf3 c3 46. Rd6+ Kc2 47. Rd5 Kb2 0-1

[Event "*** Titled Tuesday Blitz"]
[Site "Chess.com"]
[Date "2020.03.03"]
[Round "4"]
[White "farzadbfd"]
[Black "Sibelephant"]
[Result "0-1"]
[WhiteElo "2626"]
[BlackElo "3048"]
[TimeControl "180+1"]
[EndTime "9:40:08 PST"]
[Termination "Sibelephant won by resignation"]

1. e4 e5 2. Nf3 Nc6 3. Bb5 g6 4. c3 a6 5. Ba4 Bg7 6. O-O d6 7. d4 Bd7 8. Bg5 f6 9. Be3 Nh6 10. h3 Nf7 11. Nbd2 O-O 12. Re1 Kh8 13. Nf1 Qe8 14. Bc2 Ncd8 15. Ng3 Qe7 16. Qd2 Ne6 17. Rad1 Nfg5 18. Nh4 Rae8 19. b4 Nf4 20. Bxf4 exf4 21. Qxf4 Bh6 22. Kh1 Qg7 23. Qe3 Nxe4 24. Qf3 f5 25.
Kg1 Bg5 26. Nxe4 fxe4 27. Qg3 Bf4 0-1

[Event "*** Titled Tuesday Blitz"]
[Site "Chess.com"]
[Date "2020.03.03"]
[Round "4"]
[White "Alexander_Zubov"]
[Black "burbur555"]
[Result "1-0"]
[WhiteElo "2907"]
[BlackElo "2594"]
[TimeControl "180+1"]
[EndTime "9:40:10 PST"]
[Termination "Alexander_Zubov won by resignation"]

1. d4 Nf6 2. c4 c6 3. Nf3 d5 4. Qb3 e6 5. Bg5 Nbd7 6. e3 Qa5+ 7. Nc3 Ne4 8. Bh4 Nb6 9. c5 Nd7 10. Bd3 Nef6 11. O-O b6 12. cxb6 axb6 13. e4 dxe4 14.
Nxe4 Be7 15. Nxf6+ Bxf6 16. Bxf6 gxf6 17. Rfe1 Kd8 18.
Be4 Bb7 19. Rec1 Rc8 20. Qe3 Qh5 21. Nd2 f5 22. Bf3 Qh4 23. Nc4 Kc7 24. g3 Qe7 25.
Qf4+ 1-0

[Event "*** Titled Tuesday Blitz"]
[Site "Chess.com"]
[Date "2020.03.03"]
[Round "4"]
[White "champ2005"]
[Black "Vegan4future"]
[Result "1-0"]
[WhiteElo "2987"]
[BlackElo "2548"]
[TimeControl "180+1"]
[EndTime "9:40:14 PST"]
[Termination "champ2005 won by resignation"]

1. f4 Nc6 2. Nf3 e5 3. fxe5 g5 4. h3 d6 5. d4 dxe5 6. Bxg5 f6 7. Be3 e4 8. c3 exf3 9. exf3 Bd6 10. Bd3 Bg3+ 11.
Bf2 Qd6 12. Nd2 Bd7 13. Ne4 Bxf2+ 14. Kxf2 Qd5 15. Nc5 O-O-O 16. Be4 Qg5 17. Qb3 b6 18. Nxd7 Kxd7 19. h4 Qd2+ 20. Kf1 Nge7 21. Rd1 Qf4 22. Qa4 Kd6 23. d5 Na5 24. Qb4+ Kd7 25. d6 Nec6 26.
Bxc6+ Nxc6 27. Qxf4 1-0

[Event "*** Titled Tuesday Blitz"]
[Site "Chess.com"]
[Date "2020.03.03"]
[Round "4"]
[White "Palacios-LLera"]
[Black "NguyenHlb"]
[Result "1-0"]
[WhiteElo "2516"]
[BlackElo "2285"]
[TimeControl "180+1"]
[EndTime "9:40:22 PST"]
[Termination "Palacios-LLera won by resignation"]

1. d4 Nf6 2. Nf3 e6 3. c4 d5 4. Nc3 c6 5. e3 Be7 6. Qc2 O-O 7. Be2 dxc4 8. Bxc4 b5 9. Bd3 a6 10. O-O Nbd7 11. e4 Bb7 12. e5 Nd5 13. Bxh7+ Kh8 14. Be4 c5 15. Nxd5 exd5 16. Bf5 cxd4 17. Bf4 Rc8 18. Qd1 g6 19. Bh3 Rc4 20. b3 Rc5 21.
Nxd4 Nb6 22. Qd3 Kg7 23. Qe3 Rh8 24. Rac1 Rxc1 25. Rxc1 Bc8 26. Bxc8 Nxc8 27. e6 f6 28. Rc7 Nd6 29. Rd7 1-0

[Event "*** Titled Tuesday Blitz"]
[Site "Chess.com"]
[Date "2020.03.03"]
[Round "4"]
[White "earling8018"]
[Black "Sjakkerntobi"]
[Result "0-1"]
[WhiteElo "2005"]
[BlackElo "2259"]
[TimeControl "180+1"]
[EndTime "9:40:24 PST"]
[Termination "Sjakkerntobi won by resignation"]

1. d4 Nf6 2. c4 e6 3. Nf3 Bb4+ 4. Bd2 Qe7 5. g3 O-O 6. Nc3 Bxc3 7. Bxc3 Ne4 8. Rc1 Nxc3 9. Rxc3 c5 10. d5 e5 11.
Bg2 d6 12. O-O f5 13. e4 f4 14. h3 Nd7 15. Kh2 Nf6 16. Ng5 h6 17. Ne6 Bxe6 18.
dxe6 Qxe6 19. Rd3 Rad8 20. Qb3 b6 21. Rfd1 fxg3+ 22. fxg3 Kh8 23. Qc3 Ng8 24. b3 Ne7 25.
Qd2 Nc8 26. Bf3 Qf6 27. Kg2 Ne7 28. Bg4 Nc6 29. Rf3 Qe7 30. Qd5 Nd4 31. Rxf8+ Rxf8 32. h4 Qf6 33. Kh3 g6 34. h5 gxh5 35. Bxh5 Qg5 36.
Qxd6 Qxh5+ 0-1

[Event "*** Titled Tuesday Blitz"]
[Site "Chess.com"]
[Date "2020.03.03"]
[Round "4"]
[White "Jumbo"]
[Black "Micki-taryan"]
[Result "0-1"]
[WhiteElo "2723"]
[BlackElo "3008"]
[TimeControl "180+1"]
[EndTime "9:40:25 PST"]
[Termination "Micki-taryan won by resignation"]

1. d4 Nf6 2. c4 e6 3. Nf3 b6 4. g3 Ba6 5. b3 Bb4+ 6. Bd2 Be7 7.
Nc3 d5 8. cxd5 exd5 9. Bg2 O-O 10. O-O Re8 11. Rc1 Nbd7 12. Bf4 Nf8 13. Ne5 Bb7 14.
Rc2 Ne6 15. Bc1 Bb4 16. Bb2 Qe7 17. e3 c5 18. Ne2 Rac8 19. a3 Ba5 20. Nf4 Nxf4 21. exf4 Ne4 22. Qg4 cxd4 23. Rxc8 Bxc8 24.
Qe2 Bc3 25. Nc6 Qf6 26. Ne5 Bf5 27. Rd1 g5 28. Nf3 Bxb2 29. Qxb2 Nc3 30. Rd2 gxf4 31. Nxd4 Re1+ 0-1

[Event "*** Titled Tuesday Blitz"]
[Site "Chess.com"]
[Date "2020.03.03"]
[Round "4"]
[White "Quiet_Desperation"]
[Black "FedaMaster"]
[Result "0-1"]
[WhiteElo "2048"]
[BlackElo "2425"]
[TimeControl "180+1"]
[EndTime "9:40:25 PST"]
[Termination "FedaMaster won by resignation"]

1. e4 c5 2. Nf3 d6 3. d4 cxd4 4. Nxd4 Nf6 5. Nc3 g6 6. Be3 Bg7 7. f3 O-O 8. Qd2 Nc6 9. Bc4 Nd7 10. O-O Nb6 11. Bb3 Na5 12. Qe2 a6 13. Rfd1 e5 14. Ndb5 axb5 15. Nxb5 Nxb3 16. cxb3 d5 17. exd5 Nxd5 18.
Bc5 Be6 19. Bxf8 Qxf8 20. Kh1 Nf4 21. Qf2 h5 22. Nc7 Rc8 23. Nxe6 Nxe6 24. Rac1 Nd4 25. f4 Rxc1 26. Rxc1 exf4 27. Rd1 Qd6 28. Qf3 Qe5 29. Qxb7 Qe2 30. Rg1 f3 31. gxf3 Nxf3 0-1

[Event "*** Titled Tuesday Blitz"]
[Site "Chess.com"]
[Date "2020.03.03"]
[Round "4"]
[White "agus_k"]
[Black "ahkashefi2800"]
[Result "1-0"]
[WhiteElo "2633"]
[BlackElo "2106"]
[TimeControl "180+1"]
[EndTime "9:40:26 PST"]
[Termination "agus_k won by resignation"]

1. d4 d5 2. Nf3 Nf6 3. g3 b5 4. Bg2 e6 5. O-O Bb7 6. c3 Nbd7 7. a4 b4 8. Qc2 a5 9. cxb4 Bxb4 10. Bf4 c5 11. Nc3 Ba6 12. Nb5 Bxb5 13. axb5 c4 14. Nd2 O-O 15. e4 Bxd2 16. Bxd2 Nxe4 17. Bxe4 dxe4 18. Qxe4 Nf6 19. Qc6 Qd5 20. Rxa5 Rxa5 21. Bxa5 Qxd4 22. Bc3 Qd5 23. Bxf6 gxf6 24. Rc1 Ra8 25.
Qxc4 Qxc4 26. Rxc4 Rb8 27. Rb4 Kf8 28. b6 Rb7 29.
Kg2 Ke7 30. Kh3 Kd6 31. Kh4 Kc5 32. Rb3 Kc4 33. Rc3+ Kd5 34. Rb3 Kc4 35. Rf3 f5 36.
Rc3+ Kd5 37. Rc7 Rxb6 38. Rxf7 Rxb2 39. Kg5 Rxf2 40. Rxh7 e5 41. h4 e4 42. h5 Ke6 43.
Rh8 Kf7 44. h6 e3 45. Rh7+ Kg8 46. Re7 Rf3 47. h7+ Kf8 48. Kf6 1-0

[Event "*** Titled Tuesday Blitz"]
[Site "Chess.com"]
[Date "2020.03.03"]
[Round "4"]
[White "Leosumant"]
[Black "inegrepus"]
[Result "0-1"]
[WhiteElo "2478"]
[BlackElo "2277"]
[TimeControl "180+1"]
[EndTime "9:40:30 PST"]
[Termination "inegrepus won by resignation"]

1. a3 e6 2. g3 d5 3. Bg2 c5 4. c4 Nc6 5. cxd5 exd5 6. Nf3 Nf6 7. O-O Be7 8. d4 O-O 9. dxc5 Bxc5 10. Nc3 d4 11. Na4 Be7 12. b4 a6 13. Bb2 d3 14. Qxd3 Qxd3 15. exd3 Bf5 16. Rfd1 Rad8 17. Ne5 Nxe5 18. Bxe5 b5 19. Nb2 Ng4 20. d4 Bc2 21.
Rd2 Bb3 22. Bc7 Rd7 23. Bb6 Rb8 24. Bc5 Bg5 25. Rd3 Bc4 26. Nxc4 bxc4 27. Rc3 Bf6 28. Bh3 Bxd4 29. Bxd4 Rxd4 30. Rac1 Ne5 31. f4 Nd3 32.
Rxc4 Nxc1 33. Rxd4 Ne2+ 34. Kf2 Nxd4 35. Bf1 Nc2 36. Bxa6 Nxa3 0-1

[Event "*** Titled Tuesday Blitz"]
[Site "Chess.com"]
[Date "2020.03.03"]
[Round "4"]
[White "AniJak"]
[Black "ChesterF"]
[Result "1/2-1/2"]
[WhiteElo "2149"]
[BlackElo "2434"]
[TimeControl "180+1"]
[EndTime "9:40:34 PST"]
[Termination "Game drawn by agreement"]

1. e4 c5 2. Nf3 d6 3. Bb5+ Nd7 4. O-O Nf6 5. Re1 a6 6. Bf1 e6 7. c3 b5 8. d4 Qc7 9. Bg5 Be7 10. Nbd2 Bb7 11. a4 c4 12. axb5 axb5 13. Rxa8+ Bxa8 14. b3 Nb6 15. bxc4 bxc4 16. Nxc4 Nxe4 17. Nxb6 Qxb6 18.
Bxe7 Kxe7 19. Qd3 f5 20. Rb1 Qc7 21. c4 Rb8 22. Rxb8 Qxb8 23. d5 exd5 24. cxd5 Qb7 25. Qd4 Kf8 26. Nh4 Qxd5 27. Qxd5 Bxd5 28. Nxf5 g6 29. Ne3 Bc6 30. f3 Nf6 31. Kf2 d5 32. Nc2 Ke7 33. Ke3 Bd7 1/2-1/2

[Event "*** Titled Tuesday Blitz"]
[Site "Chess.com"]
[Date "2020.03.03"]
[Round "4"]
[White "vladislavkovalev"]
[Black "alishersuleymenov"]
[Result "1-0"]
[WhiteElo "2893"]
[BlackElo "2767"]
[TimeControl "180+1"]
[EndTime "9:40:35 PST"]
[Termination "vladislavkovalev won by resignation"]

1. e4 c5 2. Be2 e6 3. d3 d5 4. f4 Nc6 5. Nf3 g6 6. c3 Bg7 7. Be3 b6 8. e5 Nge7 9. d4 c4 10. O-O O-O 11. g4 b5 12. a3 a5 13. Qe1 f5 14.
exf6 Bxf6 15. Nbd2 Rb8 16. Ne5 b4 17. axb4 axb4 18.
Ndf3 bxc3 19. bxc3 Bd7 20. Bd1 Nc8 21. Bc2 Nd6 22. Nxc6 Bxc6 23. Ne5 Be8 24. Ra6 Rb6 25. Qa1 Rxa6 26. Qxa6 Qe7 27. Bc1 Nb5 28. Bd2 Bxe5 29.
fxe5 Rxf1+ 30. Kxf1 Kg7 31. Kg2 Bd7 32. Qb7 h6 33.
Ba4 1-0

[Event "*** Titled Tuesday Blitz"]
[Site "Chess.com"]
[Date "2020.03.03"]
[Round "4"]
[White "TST2014"]
[Black "GMKrikor"]
[Result "0-1"]
[WhiteElo "2583"]
[BlackElo "2842"]
[TimeControl "180+1"]
[EndTime "9:40:35 PST"]
[Termination "GMKrikor won on time"]

1. d4 Nf6 2. c4 e6 3. Nf3 d5 4.
Nc3 h6 5. Bf4 Bd6 6. e3 Bxf4 7.
exf4 dxc4 8. Bxc4 O-O 9. O-O Nbd7 10. Qe2 Nb6 11. Bb3 Nbd5 12. g3 b6 13. Ne5 Bb7 14.
Rac1 a6 15. Rfd1 Qd6 16. Nxd5 Nxd5 17. Qh5 Nf6 18. Qe2 Rac8 19. a3 g6 20. Qc2 Kg7 21. Ba2 Rfd8 22. Nc6 Rd7 23. b4 h5 24. h4 Nd5 25. Re1 Nxf4 0-1

[Event "*** Titled Tuesday Blitz"]
[Site "Chess.com"]
[Date "2020.03.03"]
[Round "4"]
[White "sganerdene"]
[Black "Region_07"]
[Result "1-0"]
[WhiteElo "2694"]
[BlackElo "2404"]
[TimeControl "180+1"]
[EndTime "9:40:39 PST"]
[Termination "sganerdene won by resignation"]

1. e4 Nc6 2. Nf3 f5 3. exf5 d5 4. d4 Bxf5 5. Bb5 Qd6 6. Ne5 Nf6 7. c3 Nd7 8. Bf4 Ndxe5 9. Bxe5 Qg6 10. O-O Bc2 11. Qe2 e6 12. Bxc7 Rc8 13. Bg3 Be7 14.
Re1 Bf5 15. Nd2 O-O 16. Nf3 Bf6 17. Bxc6 Rxc6 18. Ne5 Bxe5 19. Qxe5 h5 20. f3 b5 21. a3 a5 22. Re3 Bd3 23. Rae1 Kh7 24. Bh4 b4 25.
axb4 axb4 26. Qg3 Qxg3 27. hxg3 bxc3 28. Rxd3 cxb2 29. Rb3 Rc1 30. Kf1 Rfc8 31. Rxb2 1-0

[Event "*** Titled Tuesday Blitz"]
[Site "Chess.com"]
[Date "2020.03.03"]
[Round "4"]
[White "malandragem"]
[Black "bugbug01052018"]
[Result "1-0"]
[WhiteElo "2577"]
[BlackElo "2271"]
[TimeControl "180+1"]
[EndTime "9:40:41 PST"]
[Termination "malandragem won by resignation"]

1. e4 c5 2. Nc3 Nc6 3. g3 e5 4. Bg2 d6 5. Nd5 Nf6 6. d3 Nxd5 7. exd5 Nd4 8. c3 Nf5 9. Nf3 g6 10. O-O Bg7 11. Nd2 O-O 12. a4 Bd7 13. Re1 h5 14. Nc4 Qc7 15. h3 b6 16. b3 a6 17. a5 b5 18. Nb6 Rae8 19. Rb1 Kh7 20. Bd2 Nh6 21.
b4 Bf5 22. bxc5 Qxc5 23. Rc1 Qa3 24. c4 Qxd3 25. Re3 Qd4 26. cxb5 axb5 27. Qe1 Rb8 28. Bc3 Qc5 29. Bb2 Bc2 30. Rc3 Qb4 31. R3xc2 Qxe1+ 32. Rxe1 Nf5 33. Rc6 Rfd8 34. a6 Ne7 35. a7 Nxc6 36. dxc6 Rxb6 37. c7 Rc8 38. a8=Q Rxc7 39. Qa5 1-0

[Event "*** Titled Tuesday Blitz"]
[Site "Chess.com"]
[Date "2020.03.03"]
[Round "4"]
[White "WeAintSurePal"]
[Black "Safar_From_Afar"]
[Result "0-1"]
[WhiteElo "2304"]
[BlackElo "2137"]
[TimeControl "180+1"]
[EndTime "9:40:45 PST"]
[Termination "Safar_From_Afar won by checkmate"]

1. d4 Nf6 2. c4 e6 3. Nc3 Bb4 4. Qc2 b6 5. e4 c5 6. d5 Qe7 7. Ne2 exd5 8. exd5 O-O 9. a3 Bxc3+ 10. Qxc3 Re8 11. Bg5 Ne4 12. Bxe7 Nxc3 13. Nxc3 Rxe7+ 14. Kd2 Ba6 15. Bd3 d6 16. Rae1 Rxe1 17. Rxe1 Nd7 18.
f4 Kf8 19. Bf5 Nf6 20. h3 Bxc4 21. g4 Re8 22. Rd1 Nxd5 23. Nxd5 Bxd5 24. Kc1 Be6 25. Rxd6 Bxf5 26. gxf5 Ke7 27. Rc6 Rd8 28. Rc7+ Rd7 29. Rc8 Kf6 30. Rg8 Rd4 31. Ra8 Rd7 32. Rg8 Rd3 33. Ra8 Rxh3 34. Rxa7 h5 35. Rb7 h4 36. Rxb6+ Kxf5 37. Rb5 Kxf4 38. Rxc5 Rh1+ 39. Kc2 h3 40. a4 h2 41. Rh5 Kg4 42. Rh7 g5 43. a5 Kg3 44. b4 Ra1 45. Rxh2 Kxh2 46. Kb2 Re1 47. Kc3 g4 48. b5 Re8 49. b6 Rb8 50.
Kc4 g3 51. Kb5 g2 52. a6 g1=Q 53. b7 Qb1+ 54. Kc6 Qc2+ 55. Kb6 Qb3+ 56. Ka7 Re8 57. b8=Q+ Qxb8# 0-1

[Event "*** Titled Tuesday Blitz"]
[Site "Chess.com"]
[Date "2020.03.03"]
[Round "4"]
[White "MathiasWomacka"]
[Black "Lagravesamuell"]
[Result "0-1"]
[WhiteElo "2406"]
[BlackElo "2646"]
[TimeControl "180+1"]
[EndTime "9:40:46 PST"]
[Termination "Lagravesamuell won on time"]

1. e4 c5 2. Nf3 Nf6 3. Nc3 d5 4. exd5 Nxd5 5. Bb5+ Bd7 6. Ne5 Bxb5 7. Qf3 f6 8. Nxb5 Nb4 9. Qxb7 fxe5 10. Nc7+ Kf7 11. Nxa8 Nxc2+ 12. Kd1 Nxa1 13. Re1 Qd3 14. Qxb8 Nc2 15.
Nc7 Nd4 0-1

[Event "*** Titled Tuesday Blitz"]
[Site "Chess.com"]
[Date "2020.03.03"]
[Round "4"]
[White "thedjoker98"]
[Black "lelya96"]
[Result "1-0"]
[WhiteElo "2527"]
[BlackElo "2301"]
[TimeControl "180+1"]
[EndTime "9:40:50 PST"]
[Termination "thedjoker98 won by resignation"]

1. d4 Nf6 2. c4 e6 3. Nc3 Bb4 4. Qc2 Nc6 5. Nf3 d6 6. Bd2 O-O 7. a3 Bxc3 8. Bxc3 a5 9. b3 Qe7 10.
g3 e5 11. d5 Nb8 12. Bg2 Bg4 13. O-O Nbd7 14. b4 axb4 15. axb4 Nb6 16. Qb3 Nfd7 17.
h3 Bh5 18. Rfe1 f5 19. c5 Rxa1 20. Rxa1 Nc8 21. Ra8 Bf7 22. cxd6 Qxd6 23. Qb2 Re8 24. Nxe5 Nxe5 25. Bxe5 Rxe5 26. Rxc8+ Be8 27. Qc2 Qxb4 28. Qxc7 Rxe2 29. Qd7 Qe1+ 30. Kh2 Re7 31. Qxf5 g6 32. Qf6 Rf7 33. Qd8 Rf8 34. d6 Qxf2 35. Qxe8 Rxe8 36.
Rxe8+ Kf7 37. d7 1-0

[Event "*** Titled Tuesday Blitz"]
[Site "Chess.com"]
[Date "2020.03.03"]
[Round "4"]
[White "KacperPolOK"]
[Black "annacramling"]
[Result "1-0"]
[WhiteElo "2422"]
[BlackElo "1928"]
[TimeControl "180+1"]
[EndTime "9:40:53 PST"]
[Termination "KacperPolOK won by resignation"]

1. e4 c5 2. Nc3 Nc6 3. Bb5 Nd4 4. Bc4 e6 5. Nf3 d6 6. O-O Be7 7.
d3 Nf6 8. Nxd4 cxd4 9. Ne2 e5 10. Bb3 O-O 11. f4 b5 12. Kh1 a5 13. a3 a4 14. Ba2 Bg4 15. h3 Be6 16. g4 Nd7 17. c3 Bxa2 18. Rxa2 dxc3 19. Nxc3 Nc5 20. Ra1 Rb8 21.
Nd5 Na6 22. f5 Bg5 23. f6 Bxc1 24. Qxc1 Rc8 25. Qg5 g6 26. Qh6 1-0

[Event "*** Titled Tuesday Blitz"]
[Site "Chess.com"]
[Date "2020.03.03"]
[Round "4"]
[White "Resignify"]
[Black "Dino_Ballecer"]
[Result "0-1"]
[WhiteElo "2261"]
[BlackElo "2509"]
[TimeControl "180+1"]
[EndTime "9:40:56 PST"]
[Termination "Dino_Ballecer won by checkmate"]

1. e4 c5 2. Nc3 Nc6 3. g3 g6 4.
Bg2 Bg7 5. d3 d6 6. f4 f5 7. Nf3 Nf6 8. Be3 O-O 9. h3 e5 10. exf5 Bxf5 11. fxe5 Nh5 12. g4 Ng3 13. gxf5 Nxh1 14. Bxh1 Rxf5 15. exd6 Qxd6 16. Ne4 Qc7 17. c3 Re8 18. Qe2 c4 19. Nfd2 cxd3 20. Qxd3 Kh8 21.
O-O-O Rd8 22. Qe2 Nb4 23. Kb1 Nd5 24. Bg5 Rxg5 25. Nxg5 Nxc3+ 26. bxc3 Qxc3 27. Nb3 Rxd1+ 28. Qxd1 Qb2# 0-1

[Event "*** Titled Tuesday Blitz"]
[Site "Chess.com"]
[Date "2020.03.03"]
[Round "4"]
[White "AtabayevSaparmyrat"]
[Black "Eraschenkov"]
[Result "1-0"]
[WhiteElo "2775"]
[BlackElo "2573"]
[TimeControl "180+1"]
[EndTime "9:40:58 PST"]
[Termination "AtabayevSaparmyrat won by resignation"]

1. e4 e6 2. d4 d5 3. Nc3 Nf6 4. exd5 exd5 5. Nf3 Bb4 6. Bd3 h6 7. O-O O-O 8. Ne5 Nbd7 9. Qf3 c5 10. Nxd7 Qxd7 11.
Bxh6 cxd4 12. Ne2 Ne4 13. Bf4 Bc5 14. Bxe4 dxe4 15. Qxe4 Re8 16. Qf3 Qf5 17. Ng3 Qxc2 18. Rac1 Qxb2 19. Rxc5 Qxa2 20. Nh5 Qe2 21. Qg3 Qg4 22.
Rg5 Qxg3 23. fxg3 Re2 24. Rxg7+ Kf8 25. Bd6+ Ke8 26. Nf6+ 1-0

[Event "*** Titled Tuesday Blitz"]
[Site "Chess.com"]
[Date "2020.03.03"]
[Round "4"]
[White "MokshAD1603"]
[Black "Komissarov_alex"]
[Result "1-0"]
[WhiteElo "2166"]
[BlackElo "1765"]
[TimeControl "180+1"]
[EndTime "9:40:59 PST"]
[Termination "MokshAD1603 won by checkmate"]

1. d4 Nf6 2. c4 e5 3. dxe5 Ne4 4. Nf3 Nc6 5. Nbd2 Bb4 6. a3 Bxd2+ 7. Bxd2 Nxd2 8.
Qxd2 Qe7 9. Qf4 b6 10. e3 Bb7 11. O-O-O O-O-O 12. h4 Rhe8 13. Rh3 Nxe5 14. Nd4 Ng6 15. Qh2 Be4 16. h5 Ne5 17. Rh4 Nxc4 18. Bxc4 Qc5 19. b3 d5 20. Kb2 dxc4 21. Rc1 Qa5 22. Rxc4 Qd2+ 23. Nc2 Rd3 24. Qxc7# 1-0

[Event "*** Titled Tuesday Blitz"]
[Site "Chess.com"]
[Date "2020.03.03"]
[Round "4"]
[White "ronaldbrizuela"]
[Black "RojonR"]
[Result "1-0"]
[WhiteElo "2652"]
[BlackElo "2388"]
[TimeControl "180+1"]
[EndTime "9:41:02 PST"]
[Termination "ronaldbrizuela won by resignation"]

1. d4 Nf6 2. c4 e6 3. Nc3 d5 4. Nf3 c6 5. e3 Nbd7 6. Qc2 b6 7.
Bd3 Bb7 8. O-O dxc4 9. Bxc4 c5 10. Qe2 a6 11. a4 Be7 12. Rd1 O-O 13. d5 exd5 14. Nxd5 Nxd5 15. Bxd5 Bxd5 16. Rxd5 Qc7 17. e4 Nf6 18. Rd1 Rfd8 19. e5 Rxd1+ 20. Qxd1 Rd8 21. Qe2 Nd5 22. Qxa6 Nb4 23. Qe2 Qd7 24. Bd2 Nd3 25.
Bc3 Nf4 26. Qf1 Qg4 27. Kh1 Rd3 28. Ng1 Qh5 29. g3 Bg5 30. a5 bxa5 31. Rxa5 h6 32.
Ra8+ Kh7 33. gxf4 Bxf4 34. Qxd3+ g6 35. Qh3 Qd1 36. e6 f6 1-0